 Dungeon Crawl Stone Soup version 0.21.1-1-g345015f (webtiles) character file.

3772 garbagetei the Geomancer (level 10, 0/60 HPs)
             Began as a Gargoyle Earth Elementalist on Feb 7, 2018.
             Was a Believer of Vehumet.
             Slain by an orc warlord
             ... wielding a +0 war axe
              (17 damage)
             ... in a bailey.
             The game lasted 00:27:57 (8892 turns).

garbagetei the Geomancer (GrEE)                     Turns: 8892, Time: 00:27:57

Health: 0/60       AC: 15    Str: 11    XL:     10   Next: 16%
Magic:  14/21      EV: 11    Int: 20    God:    Vehumet [**....]
Gold:   327        SH:  0    Dex: 10    Spells: 12/23 levels left

rFire    . . .     SeeInvis .   m - +1 dagger (venom)
rCold    . . .     Gourm    .   (no shield)
rNeg     + . .     Faith    .   l - +0 leather armour
rPois    ∞         Spirit   .   (no helmet)
rElec    +         Reflect  .   j - +0 cloak
rCorr    .         Harm     .   s - +0 pair of gloves
MR       .....                  t - +1 pair of boots
Stlth    +++.......             D - amulet of magic regeneration
HPRegen  0.20/turn              B - ring of stealth
MPRegen  0.42/turn              (no ring)

@: flying
A: negative energy resistance 1, electricity resistance, unbreathing,
petrification resistance, rot immunity, AC +7
a: Renounce Religion


You were in a bailey.
You worshipped Vehumet.
Vehumet was pleased with you.
You were hungry.

You visited 2 branches of the dungeon, and saw 9 of its levels.
You also visited: Bailey.

You collected 327 gold pieces.

Inventory:

Hand Weapons
 f - a +0 club
 i - a -2 short sword
 m - a +1 dagger of venom (weapon)
Armour
 c - a +1 robe
 j - a +0 cloak (worn)
 l - a +0 leather armour (worn)
 s - a +0 pair of gloves (worn)
 t - a +1 pair of boots (worn)
Magical Staves
 A - an uncursed staff of air
Jewellery
 B - a ring of stealth (left hand)
 D - an amulet of magic regeneration (around neck)
Wands
 E - a wand of disintegration (12)
Scrolls
 g - 3 scrolls of identify
 h - a scroll of magic mapping
 k - 2 scrolls of enchant armour
 n - 3 scrolls of teleportation {unknown}
 u - a scroll of random uselessness {unknown}
 v - a scroll of fear {unknown}
 w - 5 scrolls of amnesia
 x - 2 scrolls of remove curse
Potions
 o - a potion of cancellation {unknown}
 p - 2 potions of brilliance {unknown}
 q - 2 potions of flight
 r - a potion of lignification {unknown}
 F - 2 potions of might
Books
 e - a book of Geomancy

   Spells                             Type                      Level
   a - Sandblast                      Earth                        1
   b - Passwall                       Transmutation/Earth          2
   c - Stone Arrow                    Conjuration/Earth            3
   d - Petrify                        Transmutation/Earth          4
   e - Lee's Rapid Deconstruction     Earth                        5
 z - a Young Poisoner's Handbook

   Spells                             Type                      Level
   a - Sting                          Conjuration/Poison           1
   b - Poisonous Vapours              Poison/Air                   2
   c - Mephitic Cloud                 Conjuration/Poison/Air       3
   d - Olgreb's Toxic Radiance        Poison                       4
   e - Venom Bolt                     Conjuration/Poison           5
Comestibles
 d - 7 rations


   Skills:
 + Level 5.7 Fighting
 + Level 5.6 Armour
 - Level 1.5 Dodging
 - Level 2.1 Stealth
 * Level 7.4 Spellcasting
 + Level 5.6 Conjurations
 - Level 0.7 Transmutations
 * Level 9.8 Earth Magic


You had 12 spell levels left.
You knew the following spells:

 Your Spells              Type           Power        Failure   Level  Hunger
a - Sandblast             Erth           #####.       1%          1    None
b - Passwall              Tmut/Erth      ####......   1%          2    None
c - Stone Arrow           Conj/Erth      #####.       1%          3    #......
d - Lee's Rapid Deconstr  Erth           #####.....   5%          5    #####..


Dungeon Overview and Level Annotations

Branches:
Dungeon (8/15)             Temple (1/1) D:6
   Lair: D:8-11

Altars:
Cheibriados
Dithmenos
Elyvilon
Fedhas
Gozag
Hepliaklqana
Kikubaaqudgha
Makhleb
Nemelex Xobeh
Okawaru
Ru
Sif Muna
Uskayaw
Vehumet
Wu Jian
Yredelemnul
Zin
The Shining One

Annotations:
D:8 Joseph


Innate Abilities, Weirdness & Mutations

You are resistant to torment.
Your stone body is resilient. (AC +7)
You are immune to poison.
You resist negative energy. (rN+)
You are resistant to electric shocks. (rElec)
You can survive without breathing.
You are immune to petrification.
You are immune to rotting.


Message History

a hand axe; a leather armour; a hand axe; a leather armour
There is an open door, spattered with blood here.
Items here: )))) [[[[ ÷
Items here: )) [[ a hand axe; a leather armour; a hand axe; a leather armour As you close the door, pushing everything out of the way, it creaks loudly!
Items here: )))) [[ ÷ Your extra speed is starting to run out.
Something unseen opens the door.
You feel yourself slow down.
An orc warlord comes into view. It is wielding a war axe.
The orc warlord moves out of view.
There is an open door here.
It was a potion of flight.
You feel very buoyant.
You fly up into the air.
The orc warlord hits you with a war axe!
* * * LOW HITPOINT WARNING * * *
The orc warlord hits you with a war axe!
You die...

#!.∩.!# .!..... .......##
........# ........## ######
o...⌠.....#######
.....##o........##.....##
......'.......).@.......#
......##.......##o......##
.......#.......#.........#
.......##88.88##.........##
..⌠.....###'###.....⌠.....#
...)...###.g ##.........##
...)...#..g #.........#
......##.g ##..)....##
.).)..# #.......#


You could see an orc warlord.

Vanquished Creatures
  The ghost of shakethe the Changer, a novice OpTm of Cheibriados (D:6)
  The ghost of Frank the Slasher, an amateur OpFi (D:3)
  A steam dragon (D:7)
  Menkaure (D:5)
  13 orc warriors (Bailey)
  A necrophage (D:7)
  2 ogres
  4 centaurs
  3 bullfrogs
  A howler monkey (D:5)
  A crimson imp (D:5)
  A hound (D:6)
  A bullfrog skeleton (D:7)
  2 centaur skeletons
  An orc priest (D:4)
  Crazy Yiuf (D:2)
  6 orc wizards
  An iguana (D:5)
  4 worker ants
  A killer bee zombie (D:4)
  A howler monkey zombie (D:7)
  14 gnolls
  4 adders
  2 shadow imps (D:5)
  2 oozes (D:5)
  5 worms
  6 dart slugs
  8 leopard geckos
  21 orcs
  6 giant cockroaches
  34 goblins
  23 hobgoblins
  6 kobolds
  6 quokkas
  A ball python (D:3)
  11 bats
  5 frilled lizards
  2 leopard gecko zombies (D:5)
  7 rats
211 creatures vanquished.

Vanquished Creatures (others)
  An orc wizard (D:3)
1 creature vanquished.

Grand Total: 212 creatures vanquished

Notes
Turn   | Place    | Note
-------+----------+-------------------------------------------
     0 | D:1      | garbagetei the Gargoyle Earth Elementalist began the quest for the Orb.
     0 | D:1      | Reached XP level 1. HP: 10/10 MP: 3/3
    83 | D:1      | Reached XP level 2. HP: 14/16 MP: 3/5
   107 | D:1      | Reached skill level 4 in Earth Magic
   115 | D:1      | Learned a level 2 spell: Passwall
   149 | D:2      | Reached skill level 1 in Fighting
   149 | D:2      | Reached XP level 3. HP: 10/20 MP: 2/6
   419 | D:1      | Reached skill level 1 in Armour
   464 | D:1      | Learned a level 3 spell: Stone Arrow
   934 | D:2      | Reached XP level 4. HP: 22/25 MP: 8/8
  1165 | D:2      | Found a sacrificial altar of Ru.
  1171 | D:2      | Found a shadowy altar of Dithmenos.
  1174 | D:2      | Found an opulent altar of Gozag.
  1177 | D:2      | Found a basalt altar of Yredelemnul.
  1571 | D:2      | Found a runed door.
  1575 | D:2      | Noticed Crazy Yiuf
  1579 | D:2      | Killed Crazy Yiuf
  1579 | D:2      | Reached skill level 1 in Conjurations
  1579 | D:2      | Reached XP level 5. HP: 29/29 MP: 4/9
  1999 | D:2      | Found a faded altar of an unknown god.
  2551 | D:3      | Noticed Frank's ghost (amateur OpFi)
  2568 | D:3      | Killed Frank's ghost
  2568 | D:3      | Reached skill level 5 in Earth Magic
  2568 | D:3      | Reached XP level 6. HP: 10/36 MP: 2/11
  3165 | D:3      | Reached XP level 7. HP: 37/40 MP: 11/13
  3612 | D:3      | Learned a level 5 spell: Lee's Rapid Deconstruction
  3913 | D:4      | Reached skill level 6 in Earth Magic
  4488 | D:5      | Entered Level 5 of the Dungeon
  4962 | D:5      | Reached XP level 8. HP: 25/46 MP: 15/15
  5278 | D:5      | Noticed Menkaure
  5343 | D:5      | Killed Menkaure
  5343 | D:5      | Reached skill level 5 in Spellcasting
  5343 | D:5      | Reached skill level 7 in Earth Magic
  5855 | D:6      | Found a staircase to the Ecumenical Temple.
  5864 | D:6      | Noticed shakethe's ghost (novice OpTm)
  5866 | Temple   | Entered the Ecumenical Temple
  5877 | Temple   | Became a worshipper of Vehumet
  5917 | D:6      | Killed shakethe's ghost
  6309 | D:6      | Reached XP level 9. HP: 42/52 MP: 11/17
  6864 | D:7      | Reached skill level 8 in Earth Magic
  7095 | D:7      | Found an ancient bone altar of Kikubaaqudgha.
  7205 | D:7      | Found a burning altar of Makhleb.
  7249 | D:7      | Found a white marble altar of Elyvilon.
  7249 | D:7      | Found a glowing golden altar of the Shining One.
  7250 | D:7      | Found a glowing silver altar of Zin.
  7649 | D:8      | Noticed Joseph
  7710 | D:8      | Found a flagged portal.
  7766 | Bailey   | Entered a bailey
  7979 | Bailey   | Reached skill level 5 in Armour
  7990 | Bailey   | Reached * piety under Vehumet
  7990 | Bailey   | Offered knowledge of Magic Dart by Vehumet.
  8008 | Bailey   | Reached skill level 5 in Fighting
  8008 | Bailey   | Reached skill level 9 in Earth Magic
  8086 | Bailey   | Reached skill level 5 in Conjurations
  8287 | Bailey   | Reached XP level 10. HP: 16/59 MP: 5/20
  8497 | Bailey   | Reached ** piety under Vehumet
  8781 | Bailey   | Offered knowledge of Shock by Vehumet.
  8879 | Bailey   | Noticed an orc warlord
  8892 | Bailey   | Slain by an orc warlord

Skill      XL: |  1  2  3  4  5  6  7  8  9 |
---------------+----------------------------+-----
Earth Magic    | 4 5 6 7 9 |  9.8
Fighting       | 1 2 3 4 5 |  5.7
Armour         | 1 2 3 4 5 |  5.6
Spellcasting   | 3 4 5 7 |  7.4
Conjurations   | 1 2 3 4 5 |  5.6
Dodging        | |  1.5
Stealth        | |  2.1
Transmutations | |  0.7

Action                   |  1- 3 |  4- 6 |  7- 9 | 10-12 || total
-------------------------+-------+-------+-------+-------++-------
Melee: Club              |    75 |    28 |       |       ||   103
       Short sword       |       |   173 |    14 |       ||   187
       Dagger            |       |       |   311 |    48 ||   359
 Cast: Sandblast         |    25 |    58 |    59 |       ||   142
       Stone Arrow       |       |     3 |    28 |    30 ||    61
       Lee's Rapid Decon |       |       |     3 |       ||     3
Evoke: Wand              |       |       |       |     3 ||     3
  Use: Scroll            |       |     3 |     4 |       ||     7
       Potion            |       |     1 |     1 |     3 ||     5
 Stab: Sleeping          |       |     3 |     4 |       ||     7
  Eat: Chunk             |       |     8 |    17 |     2 ||    27
Armor: Robe              |    41 |    88 |       |       ||   129
       Leather armour    |       |    33 |   167 |    28 ||   228
Dodge: Dodged            |    91 |   156 |   222 |    33 ||   502
